ITL
WABA DUCKS @ UTICA UNICORNS
09/19/2030
 
TOP OF THE 1ST
Waba Ducks batting - Pitching for Utica Unicorns : RHP Alberto Parra
Pitching: RHP Alberto Parra
Batting: RHB Charles Lewis 0-0: Foul Ball, location: 2F
0-1: Ball
1-1: Ball
2-1: Foul Ball, location: 2F
2-2: Foul Ball, location: 2F
2-2: Ground out 5-3 (Groundball, 5)
Batting: LHB Stanley Mullins 0-0: Foul Ball, location: 2F
0-1: Ball
1-1: Swinging Strike
1-2: Foul Ball, location: 2F
1-2: Foul Ball, location: 2F
1-2: SOLO HOME RUN (Flyball, 9D), Distance : 365 ft
Batting: RHB Jimmy Simon 0-0: Called Strike
0-1: Called Strike
0-2: Ball
1-2: Ground out U3 (Groundball, 3)
Batting: LHB Vincente Sáenz 0-0: Called Strike
0-1: Foul Ball, location: 2F
0-2: Foul Ball, location: 2F
0-2: Fly out, F7 (Flyball, 7S)
Top of the 1st over - 1 run, 1 hit, 0 errors, 0 left on base; Waba 1 - Utica 0
BOTTOM OF THE 1ST
Utica Unicorns batting - Pitching for Waba Ducks : RHP Mitch Brown
Pitching: RHP Mitch Brown
Batting: RHB John Jones 0-0: Ball
1-0: Ground out 4-3 (Groundball, 4)
Batting: LHB Stan Hickman 0-0: DOUBLE (Line Drive, 8RXD)
Batting: RHB Kenny Cole 0-0: Called Strike
0-1: Swinging Strike
0-2: Ball
1-2: Strikes out swinging
Batting: LHB José Román 0-0: Ball
1-0: Foul Ball, location: 2F
1-1: Ball
2-1: Ground out 6-3 (Groundball, 6M)
Bottom of the 1st over - 0 runs, 1 hit, 0 errors, 1 left on base; Waba 1 - Utica 0
TOP OF THE 2ND
Waba Ducks batting - Pitching for Utica Unicorns : RHP Alberto Parra
Batting: RHB Juan Vareas 0-0: Ball
1-0: Fly out, F7 (Flyball, 78M)
Batting: RHB Jesús Dávila 0-0: Ball
1-0: Ball
2-0: Foul Ball, location: 2F
2-1: Ball
3-1: Foul Ball, location: 2F
3-2: Base on Balls
Batting: RHB Francisco Castillo 0-0: Called Strike
0-1: Fly out, F5 (Line Drive, 56)
Batting: SHB John May 0-0: Ball
1-0: Swinging Strike
1-1: Called Strike
1-2: Strikes out swinging
Top of the 2nd over - 0 runs, 0 hits, 0 errors, 1 left on base; Waba 1 - Utica 0
BOTTOM OF THE 2ND
Utica Unicorns batting - Pitching for Waba Ducks : RHP Mitch Brown
Batting: RHB Morgan Gibbon 0-0: Ball
1-0: Foul Ball, location: 2F
1-1: Ground out 1-3 (Groundball, 13)
Batting: RHB Juan Caceres 0-0: Foul Ball, location: 2F
0-1: Foul Ball, location: 2F
0-2: Ball
1-2: Ball
2-2: Fly out, F5 (Line Drive, 5S)
Batting: RHB Justin Geoghegan 0-0: Foul Ball, location: 2F
0-1: Ball
1-1: Ball
2-1: Ball
3-1: Called Strike
3-2: Ground out U3 (Groundball, 34)
Bottom of the 2nd over - 0 runs, 0 hits, 0 errors, 0 left on base; Waba 1 - Utica 0
TOP OF THE 3RD
Waba Ducks batting - Pitching for Utica Unicorns : RHP Alberto Parra
Batting: RHB Jorge Castillo 0-0: Ball
1-0: Ball
2-0: Foul Ball, location: 2F
2-1: Ball
3-1: SINGLE (Line Drive, 7LS)
Batting: RHB Charles Lewis 0-0: Ball
1-0: Ball
2-0: Swinging Strike
2-1: SINGLE (Popup, 15)
Jorge Castillo to second
Batting: LHB Stanley Mullins 0-0: Called Strike
0-1: Ball
1-1: Ball
2-1: Foul Ball, location: 2F
2-2: Ball
3-2: Base on Balls
Jorge Castillo to third
Charles Lewis to second
Batting: RHB Jimmy Simon 0-0: Called Strike
0-1: Called Strike
0-2: Ball
1-2: Foul Ball, location: 2F
1-2: Foul Ball, location: 2F
1-2: Ball
2-2: Ball
3-2: Foul Ball, location: 2F
3-2: Base on Balls
Jorge Castillo scores
Charles Lewis to third
Stanley Mullins to second
Batting: LHB Vincente Sáenz 0-0: Called Strike
0-1: Ball
1-1: Foul Ball, location: 2F
1-2: Ball
2-2: Ball
3-2: Grounds into double play, 3-6-1 (Groundball, 3)
Charles Lewis scores
Stanley Mullins to third
Batting: RHB Juan Vareas 0-0: Called Strike
0-1: Ball
1-1: Ground out 1-3 (Groundball, P)
Top of the 3rd over - 2 runs, 2 hits, 0 errors, 1 left on base; Waba 3 - Utica 0
BOTTOM OF THE 3RD
Utica Unicorns batting - Pitching for Waba Ducks : RHP Mitch Brown
Batting: RHB John Little 0-0: Ball
1-0: SINGLE (Line Drive, 89S)
Batting: RHB António Magana 0-0: Ball
1-0: Ball
2-0: Ball
3-0: Base on Balls
John Little to second
Batting: RHB John Jones 0-0: Foul Ball, location: 2F
0-1: Called Strike
0-2: Ball
1-2: Ball
2-2: Foul Ball, location: 2F
2-2: Grounds into double play, 5-4-3 (Groundball, 56)
John Little to third
Batting: LHB Stan Hickman 0-0: Ball
1-0: Called Strike
1-1: Foul Ball, location: 2F
1-2: Foul Ball, location: 2F
1-2: Ball
2-2: Ball
3-2: Base on Balls
Batting: RHB Kenny Cole 0-0: Ball
1-0: Swinging Strike
1-1: Foul Ball, location: 2F
1-2: Foul Ball, location: 2F
1-2: Foul Ball, location: 2F
1-2: Foul Ball, location: 2F
1-2: Fly out, F4 (Line Drive, 4M)
Bottom of the 3rd over - 0 runs, 1 hit, 0 errors, 2 left on base; Waba 3 - Utica 0
TOP OF THE 4TH
Waba Ducks batting - Pitching for Utica Unicorns : RHP Alberto Parra
Batting: RHB Jesús Dávila 0-0: Ball
1-0: Fly out, F7 (Flyball, 7LD)
Batting: RHB Francisco Castillo 0-0: Ball
1-0: Swinging Strike
1-1: Ground out 4-3 (Groundball, 4)
Batting: SHB John May 0-0: Swinging Strike
0-1: Called Strike
0-2: Ball
1-2: Ball
2-2: Strikes out looking
Top of the 4th over - 0 runs, 0 hits, 0 errors, 0 left on base; Waba 3 - Utica 0
BOTTOM OF THE 4TH
Utica Unicorns batting - Pitching for Waba Ducks : RHP Mitch Brown
Batting: LHB José Román 0-0: Ball
1-0: Ball
2-0: Foul Ball, location: 2F
2-1: Foul Ball, location: 2F
2-2: Ball
3-2: DOUBLE (Flyball, 8RXD)
Batting: RHB Morgan Gibbon 0-0: Called Strike
0-1: Foul Ball, location: 2F
0-2: Ball
1-2: Strikes out swinging
Batting: RHB Juan Caceres 0-0: Ball
1-0: Ball
2-0: Swinging Strike
2-1: DOUBLE (Flyball, 78D)
José Román scores
Batting: RHB Justin Geoghegan 0-0: Ball
1-0: Foul Ball, location: 2F
1-1: Ball
2-1: Ground out 6-3 (Groundball, 6)
Batting: RHB John Little 0-0: Ball
1-0: Ground out U3 (Groundball, 3)
Bottom of the 4th over - 1 run, 2 hits, 0 errors, 1 left on base; Waba 3 - Utica 1
TOP OF THE 5TH
Waba Ducks batting - Pitching for Utica Unicorns : RHP Alberto Parra
Batting: RHB Jorge Castillo 0-0: Ball
1-0: Ground out 4-3 (Groundball, 4)
Batting: RHB Charles Lewis 0-0: Ball
1-0: Ball
2-0: Foul Ball, location: 2F
2-1: Ground out 5-3 (Groundball, 56S)
Batting: LHB Stanley Mullins 0-0: Ground out 5-3 (Groundball, 5)
Top of the 5th over - 0 runs, 0 hits, 0 errors, 0 left on base; Waba 3 - Utica 1
BOTTOM OF THE 5TH
Utica Unicorns batting - Pitching for Waba Ducks : RHP Mitch Brown
Batting: RHB António Magana 0-0: Ball
1-0: Fly out, F9 (Flyball, 89D)
Batting: RHB John Jones 0-0: Foul Ball, location: 2F
0-1: Ball
1-1: Called Strike
1-2: Ball
2-2: Ball
3-2: SINGLE (Line Drive, 8LS)
Batting: LHB Stan Hickman 0-0: Foul Ball, location: 2F
0-1: Ball
1-1: Foul Ball, location: 2F
1-2: Ball
2-2: Ball
3-2: Foul Ball, location: 2F
3-2: Base on Balls
John Jones to second
Batting: RHB Kenny Cole 0-0: Called Strike
0-1: Ball
1-1: SINGLE (Line Drive, 4D)
John Jones to third
Stan Hickman to second
Runner from 3rd tries for Home, SAFE, no throw
Batting: LHB José Román 0-0: Ball
1-0: Fielders Choice at 2nd, 3-6 (Groundball, 3)
Stan Hickman to third
Batting: RHB Morgan Gibbon 0-0: Called Strike
0-1: Foul Ball, location: 2F
0-2: Ball
1-2: Ball
2-2: Foul Ball, location: 2F
2-2: Foul Ball, location: 2F
2-2: Ball
3-2: 3-RUN HOME RUN (Flyball, 7D), Distance : 399 ft
Batting: RHB Juan Caceres 0-0: Foul Ball, location: 2F
0-1: Ball
1-1: Swinging Strike
1-2: Strikes out swinging
Bottom of the 5th over - 4 runs, 3 hits, 0 errors, 0 left on base; Waba 3 - Utica 5
TOP OF THE 6TH
Waba Ducks batting - Pitching for Utica Unicorns : RHP Alberto Parra
Batting: RHB Jimmy Simon 0-0: Ball
1-0: Ball
2-0: Foul Ball, location: 2F
2-1: Called Strike
2-2: Ground out 3-1 (Groundball, 34)
Batting: LHB Vincente Sáenz 0-0: Ball
1-0: Foul Ball, location: 2F
1-1: Ball
2-1: Foul Ball, location: 2F
2-2: SINGLE (Line Drive, 9LS)
Batting: RHB Juan Vareas 0-0: Called Strike
0-1: Foul Ball, location: 2F
0-2: Ball
1-2: Strikes out swinging
Batting: RHB Jesús Dávila 0-0: Foul Ball, location: 2F
0-1: Ball
1-1: Called Strike
1-2: SINGLE (Line Drive, 89S)
Vincente Sáenz to second
Runner from 2nd tries for 3rd, SAFE, no throw
Batting: RHB Francisco Castillo 0-0: Ball
1-0: Foul Ball, location: 2F
1-1: Ball
2-1: DOUBLE (Flyball, 7LD)
Vincente Sáenz scores
Jesús Dávila to third
Pitching: RHP Robert Martin
Batting: SHB John May 0-0: Ball
1-0: DOUBLE (Line Drive, 89D)
Jesús Dávila scores
Francisco Castillo scores
Batting: RHB Jorge Castillo 0-0: Called Strike
0-1: Foul Ball, location: 2F
0-2: Strikes out swinging
Top of the 6th over - 3 runs, 4 hits, 0 errors, 1 left on base; Waba 6 - Utica 5
BOTTOM OF THE 6TH
Utica Unicorns batting - Pitching for Waba Ducks : RHP Mitch Brown
Pitching: RHP Jim Wilson
Batting: RHB Justin Geoghegan 0-0: Ball
1-0: Swinging Strike
1-1: Foul Ball, location: 2F
1-2: Ground out 6-3 (Groundball, 6)
Batting: RHB John Little 0-0: TRIPLE (Line Drive, 89XD)
Batting: RHB António Magana 0-0: Ball
1-0: Ball
2-0: Foul Ball, location: 2F
2-1: Foul Ball, location: 2F
2-2: Foul Ball, location: 2F
2-2: Foul Ball, location: 2F
2-2: Strikes out swinging
Batting: RHB John Jones 0-0: Foul Ball, location: 2F
0-1: Swinging Strike
0-2: Strikes out looking
Bottom of the 6th over - 0 runs, 1 hit, 0 errors, 1 left on base; Waba 6 - Utica 5
TOP OF THE 7TH
Waba Ducks batting - Pitching for Utica Unicorns : RHP Robert Martin
Batting: RHB Charles Lewis 0-0: Called Strike
0-1: Swinging Strike
0-2: Hit by Pitch
Batting: LHB Stanley Mullins 0-0: Sac Bunt - play at first, batter OUT! 2-4
Charles Lewis to second
Batting: RHB Jimmy Simon 0-0: Fly out, F9 (Flyball, 9S)
Batting: LHB Vincente Sáenz 0-0: Ball
1-0: Called Strike
1-1: Ground out 4-3 (Groundball, 4)
Top of the 7th over - 0 runs, 0 hits, 0 errors, 1 left on base; Waba 6 - Utica 5
BOTTOM OF THE 7TH
Utica Unicorns batting - Pitching for Waba Ducks : RHP Jim Wilson
Pitching: RHP Ángel Lara
Batting: LHB Stan Hickman 0-0: Ball
1-0: Ball
2-0: Foul Ball, location: 2F
2-1: Ball
3-1: Foul Ball, location: 2F
3-2: Ground out U3 (Groundball, 3S)
Batting: RHB Kenny Cole 0-0: Ball
1-0: SINGLE (Flyball, 89S)
Batting: LHB José Román 0-0: Foul Ball, location: 2F
0-1: Fielders Choice at 2nd, 6-4 (Groundball, 6)
Pinch Hitting: LHB Mitchell Oglethorpe 0-0: Called Strike
0-1: Ball
1-1: Ground out U3 (Groundball, 34S)
Bottom of the 7th over - 0 runs, 1 hit, 0 errors, 1 left on base; Waba 6 - Utica 5
TOP OF THE 8TH
Waba Ducks batting - Pitching for Utica Unicorns : RHP Robert Martin
Now at 1B: Mitchell Oglethorpe
Batting: RHB Juan Vareas 0-0: Ball
1-0: Ball
2-0: Ball
3-0: Base on Balls
Pinch Runner at 1st Gunner Allen:
Batting: RHB Jesús Dávila 0-0: Ball
1-0: Bunted foul
1-1: Sac Bunt - play at first, batter OUT! 1-4
Gunner Allen to second
Pinch Hitting: LHB Don Ramey 0-0: Intentional Walk
Pinch Hitting: RHB Jeremy Flemming 0-0: Ball
1-0: Ball
2-0: Swinging Strike
2-1: Ball
3-1: Base on Balls
Gunner Allen to third
Don Ramey to second
Batting: RHB Jorge Castillo 0-0: Ball
1-0: Ball
2-0: Ball
3-0: Called Strike
3-1: Called Strike
3-2: Strikes out looking
Pinch Hitting: LHB Fernando Cruz 0-0: Foul Ball, location: 2F
0-1: Foul Ball, location: 2F
0-2: Ball
1-2: Ball
2-2: Ball
3-2: DOUBLE (Flyball, 8LD)
Gunner Allen scores
Don Ramey scores
Jeremy Flemming to third
Jeremy Flemming scores
Pitching: RHP Hiroshige Yamada
Batting: LHB Stanley Mullins 0-0: Called Strike
0-1: Swinging Strike
0-2: Reached on error, E6 (Groundball, 6M)
Fernando Cruz to third
Batting: RHB Jimmy Simon 0-0: SINGLE (Line Drive, 34)
Fernando Cruz scores
Stanley Mullins to second
Runner from 2nd tries for 3rd, OUT!
Top of the 8th over - 4 runs, 2 hits, 1 error, 1 left on base; Waba 10 - Utica 5
BOTTOM OF THE 8TH
Utica Unicorns batting - Pitching for Waba Ducks : RHP Ángel Lara
Now at 2B: Fernando Cruz
Now at 3B: Ángel Garza
Now in LF: Gunner Allen
Now in CF: Jeremy Flemming
Now in RF: Don Ramey
Batting: RHB Juan Caceres 0-0: Called Strike
0-1: Ball
1-1: Ball
2-1: Ball
3-1: Ground out U3 (Groundball, 34)
Batting: RHB Justin Geoghegan 0-0: Called Strike
0-1: Ball
1-1: Foul Ball, location: 2F
1-2: Ball
2-2: Ball
3-2: Base on Balls
Batting: RHB John Little 0-0: Ball
1-0: Foul Ball, location: 2F
1-1: SINGLE (Line Drive, 4M)
Justin Geoghegan to second
Runner from 2nd tries for 3rd, SAFE, throw made to third
Batting: RHB António Magana 0-0: Ball
1-0: Ball
2-0: DOUBLE (Groundball, 5L)
Justin Geoghegan scores
John Little to third
Batting: RHB John Jones 0-0: Called Strike
0-1: Ground out 5-3 (Groundball, 5S)
Pitching: LHP Edgardo Guzmán
Batting: LHB Stan Hickman 0-0: Ball
1-0: Swinging Strike
1-1: Called Strike
1-2: Foul Ball, location: 2F
1-2: Strikes out swinging
Bottom of the 8th over - 1 run, 2 hits, 0 errors, 2 left on base; Waba 10 - Utica 6
TOP OF THE 9TH
Waba Ducks batting - Pitching for Utica Unicorns : RHP Hiroshige Yamada
Batting: LHB Vincente Sáenz 0-0: Ball
1-0: Ball
2-0: Called Strike
2-1: SINGLE (Flyball, 78M)
Batting: RHB Gunner Allen 0-0: Ball
1-0: Ball
2-0: Ball
3-0: Base on Balls
Vincente Sáenz to second
Batting: RHB Jesús Dávila 0-0: Ball
1-0: Bunted foul
1-1: Sac Bunt - play at first, batter OUT! 2-4
Vincente Sáenz to third
Gunner Allen to second
Batting: LHB Don Ramey 0-0: Intentional Walk
Batting: RHB Jeremy Flemming 0-0: Called Strike
0-1: Ball
1-1: Ball
2-1: Ball
3-1: Foul Ball, location: 2F
3-2: Foul Ball, location: 2F
3-2: Base on Balls
Vincente Sáenz scores
Gunner Allen to third
Don Ramey to second
Batting: RHB Jorge Castillo 0-0: Foul Ball, location: 2F
0-1: Grounds into fielders choice 6-2 (Groundball, 6)
Don Ramey to third
Jeremy Flemming to second
Batting: LHB Fernando Cruz 0-0: Fly out, F4 (Line Drive, 34D)
Top of the 9th over - 1 run, 1 hit, 0 errors, 3 left on base; Waba 11 - Utica 6
BOTTOM OF THE 9TH
Utica Unicorns batting - Pitching for Waba Ducks : LHP Edgardo Guzmán
Batting: RHB Kenny Cole 0-0: Called Strike
0-1: Called Strike
0-2: Ball
1-2: Foul Ball, location: 2F
1-2: Strikes out swinging
Batting: LHB José Román 0-0: Foul Ball, location: 2F
0-1: Ball
1-1: Ball
2-1: Reached on error, E3 (Groundball, 34)
Batting: LHB Mitchell Oglethorpe 0-0: Foul Ball, location: 2F
0-1: Ball
1-1: Swinging Strike
1-2: Ball
2-2: Strikes out looking
Batting: RHB Juan Caceres 0-0: Foul Ball, location: 2F
0-1: Fielders Choice at 2nd, 5-4 (Groundball, 56)
Bottom of the 9th over - 0 runs, 0 hits, 1 error, 1 left on base; Waba 11 - Utica 6
Saturday, April 7th, 2018 - OOTP Baseball 18.8 Build 76